 Dungeon Crawl Stone Soup version 0.30.1-11-g7821555f0a (webtiles) character file.

Game seed: 10673375122655763937

533 murkle the Covert (level 7, -1/42 HPs)
             Began as a Kobold Brigand on Dec 4, 2023.
             Was a Believer of Dithmenos.
             Slain by tykejmi's ghost (14 damage)
             ... on level 4 of the Dungeon.
             The game lasted 00:32:24 (4030 turns).

murkle the Covert (Kobold Brigand)                  Turns: 4030, Time: 00:32:25

Health: -1/42      AC:  8    Str:  8    XL:     7   Next: 49%
Magic:  7/7        EV: 15    Int: 13    God:    Dithmenos [**....]
Gold:   200        SH:  0    Dex: 18    Spells: 6/6 levels left

rFire   . . .        q - +3 short sword (vamp)
rCold   + . .        (no shield)
rNeg    . . .        v - +0 leather armour {rC+}
rPois   .            (no helmet)
rElec   .            c - +0 cloak
rCorr   .            (no gloves)
SInv    .            (no boots)
Will    .....        f - amulet of the acrobat
Stlth   ++++++       r - +4 ring of protection
HPRegen 0.27/turn    s - ring of flight
MPRegen 0.10/turn

%: acrobat
@: flying, wreathed by umbra
A: small, no large weapons, nightstalker 3
a: Renounce Religion, Shadow Step


You were on level 4 of the Dungeon.
You worshipped Dithmenos.
Dithmenos was pleased with you.
You visited 1 branch of the dungeon, and saw 4 of its levels.
You also visited: Ossuary.

You collected 200 gold pieces.

Inventory:

Hand Weapons
 a - a +2 dagger
 q - a +3 vampiric short sword (weapon)
Missiles
 d - 11 poisoned darts
 e - 6 curare-tipped darts (quivered)
Armour
 b - a +0 robe
 c - a +0 cloak (worn)
 k - a +0 leather armour
 v - a +0 leather armour of cold resistance (worn)
 F - the +5 kite shield "Tiham" {Str+2 Int+2}
   (You found it in an ossuary)

   Str:       It affects your strength (+2).
   Int:       It affects your intelligence (+2).
Jewellery
 f - an amulet of the acrobat (around neck)
 i - a ring of resist corrosion
 p - a ring of protection from cold
 r - a +4 ring of protection (left hand)
 s - a ring of flight (right hand)
 t - an amulet of regeneration
 u - a +4 ring of protection
Wands
 G - a wand of roots (12)
Scrolls
 h - a scroll of vulnerability {unknown}
 l - 4 scrolls of identify {unknown}
 n - a scroll of enchant weapon {unknown}
 o - 2 scrolls of teleportation {unknown}
 w - 3 scrolls of enchant armour {unknown}
 y - a scroll of blinking {unknown}
 E - a scroll of noise {unknown}
Potions
 g - 3 potions of curing
 j - 3 potions of mutation {unknown}
 m - 2 potions of lignification {unknown}
 x - a potion of heal wounds {unknown}
 z - a potion of might {unknown}
 A - a potion of attraction {unknown}
 B - a potion of cancellation {unknown}
 C - 2 potions of berserk rage {unknown}
 D - 3 potions of degeneration {unknown}
 H - a potion of ambrosia {unknown}


   Skills:
 * Level 3.7 Fighting
 * Level 6.6 Short Blades
 + Level 2.5 Throwing
 * Level 3.2 Dodging
 + Level 8.0 Stealth


You had 6 spell levels left.
You didn't know any spells.
Your spell library contained the following spells:

 Spells                   Type           Power      Damage    Failure   Level
 Gell's Gravitas          Tloc           0%         N/A       80%         3
 Teleport Other           Tloc           0%         N/A       80%         3
 Petrify                  Tmut/Erth      0%         N/A       99%         4
 Metabolic Englaciation   Hex/Ice        0%         N/A       100%        5
 Dispersal                Tloc           0%         N/A       100%        6
 Statue Form              Tmut/Erth      0%         N/A       100%        6


Dungeon Overview and Level Annotations

Branches:
Dungeon (4/15)            Ossuary (visited)
 Temple: D:4-7

Altars:
Dithmenos
Gozag
Trog
Xom

Annotations:
D:4 tykejmi's ghost, novice HOFi


Innate Abilities, Weirdness & Mutations

You are small and have problems with some larger weapons.
You are completely attuned to the shadows.


Message History

You hit tykejmi's ghost.
Tykejmi's ghost is lightly damaged.
Tykejmi's ghost hits you but does no damage.
You closely miss tykejmi's ghost.
Tykejmi's ghost is lightly damaged.
Tykejmi's ghost closely misses you.
You hit tykejmi's ghost.
Tykejmi's ghost is lightly damaged.
Tykejmi's ghost barely misses you.
You barely miss tykejmi's ghost.
Tykejmi's ghost is lightly damaged.
You hit tykejmi's ghost.
Tykejmi's ghost is moderately damaged.
Tykejmi's ghost completely misses you.
You hit tykejmi's ghost but do no damage.
Tykejmi's ghost is moderately damaged.
Tykejmi's ghost hits you!
Tykejmi's ghost attacks as you move away!
Tykejmi's ghost completely misses you.
Tykejmi's ghost attacks as you move away!
Tykejmi's ghost hits you!
* * * LOW HITPOINT WARNING * * *
Tykejmi's ghost attacks as you move away!
Tykejmi's ghost closely misses you.
Tykejmi's ghost attacks as you move away!
Tykejmi's ghost closely misses you.
Tykejmi's ghost attacks as you move away!
Tykejmi's ghost closely misses you.
Tykejmi's ghost attacks as you move away!
Tykejmi's ghost completely misses you.
Tykejmi's ghost attacks as you move away!
Tykejmi's ghost hits you.
* * * LOW HITPOINT WARNING * * *
It was a potion of curing.
You feel better. Tykejmi's ghost closely misses you.
You hit tykejmi's ghost but do no damage.
Tykejmi's ghost is moderately damaged.
You hit tykejmi's ghost.
Tykejmi's ghost is moderately damaged.
Tykejmi's ghost hits you!
You die...

#.# ########........###.### #.#
##.#.######.# #.# #
#.###########....######.# #.###
#....................##.# #...#
#..#####.#.##....###.##.###.#+#
#..#...#...###.#.# #.##.##..#..
#..#...#.### #.#.###....##'##..
##.#...#.# #.#....<...#...#..
#.##'##.# #@########'#...#'#
#....)..# #W# #.......#
###..########.# ####...### ##.##
#....## #..'...'.#
##...####.##..######..#####.#
#...............#.......#....
#####.#.....................+....
#........#########..#.......#....
#.###.#..#.......#....##....###.#


You could see tykejmi's ghost.

Vanquished Creatures
  A bullfrog (D:4)
  A scorpion (D:4)
  The ghost of bimbombam the Cutter, a weakling DsGl (D:3)
  A vampire bat (D:4)
  Natasha (thrice) (D:4)
  2 mummies (Ossuary)
  5 adders
  4 adder zombies (Ossuary)
  A worm (D:2)
  3 dart slugs
  3 fire bats (D:4)
  3 orcs
  2 spectral bats (D:4)
  14 bats
  3 bat skeletons (D:4)
  A bat zombie (D:4)
  6 endoplasms
  2 giant cockroaches
  3 gnoll zombies (Ossuary)
  5 goblins
  10 hobgoblins
  4 kobolds
  5 quokkas
  4 ball pythons
  A bat simulacrum (D:4)
  3 frilled lizards
  4 hobgoblin zombies (Ossuary)
  9 kobold zombies (Ossuary)
  3 orc zombies (Ossuary)
  A rat (D:2)
108 creatures vanquished.

Vanquished Creatures (others)
  An adder (D:3)
  A kobold (D:3)
2 creatures vanquished.

Grand Total: 110 creatures vanquished

Notes
Turn   | Place    | Note
-------+----------+-------------------------------------------
     0 | D:1      | murkle the Kobold Brigand began the quest for the Orb.
     0 | D:1      | Reached XP level 1. HP: 12/12 MP: 1/1
   137 | D:1      | Reached XP level 2. HP: 17/17 MP: 2/2
   544 | D:2      | Reached skill level 6 in Stealth
   578 | D:2      | Reached XP level 3. HP: 17/21 MP: 3/3
  1338 | D:2      | Reached XP level 4. HP: 27/27 MP: 4/4
  1461 | D:2      | You fall into a shaft and drop 1 floor!
  1554 | D:3      | Found a shadowy altar of Dithmenos.
  1659 | D:3      | Became a worshipper of Dithmenos the Shadowed
  1662 | D:3      | Found a bloodstained altar of Trog.
  1664 | D:3      | Found a faded altar of an unknown god.
  1665 | D:3      | Found a faded altar of an unknown god.
  1675 | D:3      | Found a shimmering altar of Xom.
  1995 | D:3      | Found a runed translucent gate.
  1996 | D:3      | Found a runed translucent gate.
  1997 | D:3      | Found an opulent altar of Gozag.
  1997 | D:3      | Found a runed translucent gate.
  2001 | D:3      | Noticed a steam dragon
  2001 | D:3      | Noticed bimbombam's ghost (weakling DsGl)
  2077 | D:3      | Killed bimbombam's ghost
  2078 | D:3      | Reached skill level 7 in Stealth
  2078 | D:3      | Reached XP level 5. HP: 17/32 MP: 5/5
  2526 | D:4      | Noticed a bullfrog
  2528 | D:4      | Killed a bullfrog
  2529 | D:4      | Reached XP level 6. HP: 37/37 MP: 6/6
  2951 | D:4      | Found a runed translucent gate.
  2967 | D:4      | Noticed Natasha
  2969 | D:4      | Killed Natasha
  3019 | D:4      | Found a runed translucent gate.
  3019 | D:4      | Found a runed translucent gate.
  3075 | D:4      | Found a sand-covered staircase.
  3080 | Ossuary  | Entered an ossuary
  3133 | Ossuary  | Reached skill level 5 in Short Blades
  3181 | Ossuary  | Reached * piety under Dithmenos
  3283 | Ossuary  | Identified the +5 kite shield "Tiham" {Str+2 Int+2}
  3376 | D:4      | Identified the staff of earth "Yteu" {Int+3}
  3428 | D:4      | Noticed Natasha
  3433 | D:4      | Killed Natasha
  3436 | D:4      | Noticed Natasha
  3445 | D:4      | Killed Natasha
  3461 | D:4      | Reached XP level 7. HP: 41/41 MP: 7/7
  3497 | D:4      | Reached ** piety under Dithmenos
  3934 | D:4      | Noticed tykejmi's ghost (novice HOFi)
  3983 | D:4      | Reached skill level 8 in Stealth
  4030 | D:4      | Slain by tykejmi's ghost

Illustrated notes

Levels and vault maps discovered:
D:1:      heliophobic_arrival_battle_scene, layout_rooms
D:2:      layout_basic, st_stairs_11
D:3:      layout_loops_ring, chequers_temple_overflow_minitemple,
          ebering_ghost_gozag
D:4:      nicolae_cairo_tiling_large, layout_loops_corners,
          gammafunk_ghost_split, enter_ossuary_2, goddamned_bats, uniq_natasha

Skill      XL: |  1  2  3  4  5  6  7 |
---------------+----------------------+-----
Short Blades   | 3 4 5 6 |  6.6
Stealth        | 6 7 8 |  8.0
Dodging        | 2 3 |  3.2
Fighting       | 3 |  3.7
Throwing       | |  2.5

Action                     |  1- 3 |  4- 6 |  7- 9 || total
---------------------------+-------+-------+-------++-------
  Melee: Dagger            |    57 |    17 |       ||    74
         Short sword       |       |   154 |    80 ||   234
         Punch             |       |     3 |       ||     3
  Throw: Dart              |     3 |     3 |       ||     6
    Use: Potion            |       |       |     1 ||     1
   Stab: Sleeping          |    19 |    23 |     4 ||    46
         Distracted        |       |     2 |       ||     2
 Armour: Leather armour    |     4 |    21 |    19 ||    44
         Robe              |     2 |       |       ||     2
  Dodge: Dodged            |    37 |    76 |    98 ||   211
